 Dungeon Crawl Stone Soup version 0.29.1-15-g9cfb28693d (webtiles) character file.

Game seed: 8247151166354985735

459 growler the Insei (level 7, -4/72 HPs)
             Began as a Merfolk Transmuter on May 1, 2023.
             Slain by an iguana (9 damage)
             ... on level 4 of the Dungeon.
             The game lasted 00:09:49 (5000 turns).

growler the Insei (Merfolk Transmuter)              Turns: 5000, Time: 00:09:50

Health: -4/72      AC: 23    Str: 10    XL:     7   Next: 6%
Magic:  10/11      EV:  2    Int: 15    God:
Gold:   237        SH:  0    Dex: 14    Spells: 2/12 levels left

rFire   . . .      SeeInvis .     - Unarmed
rCold   . . .      Faith    .   (no shield)
rNeg    . . .      Spirit   .   (body armour currently unavailable)
rPois   +          Reflect  .   (helmet currently unavailable)
rElec   .          Harm     .   (cloak currently unavailable)
rCorr   .          Rampage  .   (gloves currently unavailable)
Will    .....      NoTele   +   (boots currently unavailable)
Stlth   +.........              (no amulet)
HPRegen 0.22/turn               (no ring)
MPRegen 0.12/turn               (no ring)

@: tree-form
A: stationary, stasis, torment immunity, boosted hp, (nimble swimmer 2),
(mertail)
a: no special abilities


You were on level 4 of the Dungeon.
You were a tree.
You visited 1 branch of the dungeon, and saw 4 of its levels.

You collected 237 gold pieces.

Inventory:

Armour
 a - a +0 robe (melded)
 d - a +0 cloak (melded)
Jewellery
 g - a ring of see invisible
 j - a ring of protection from cold
Scrolls
 c - 2 scrolls of identify
 e - 2 scrolls of vulnerability
 i - a scroll of poison
 l - a scroll of amnesia {unknown}
 m - a scroll of teleportation
 n - a scroll of summoning {unknown}
 o - a scroll of fog {unknown}
Potions
 b - a potion of lignification
 f - a potion of attraction
 h - a potion of berserk rage
 k - 2 potions of mutation
 p - a potion of degeneration {unknown}
 q - a potion of heal wounds {unknown}


   Skills:
 - Level 1.1 Fighting
 - Level 2.6 Dodging
 + Level 7.6 Unarmed Combat
 - Level 3.0 Spellcasting
 - Level 4.0 Transmutations


You had 2 spell levels left.
You knew the following spells:

 Your Spells              Type           Power      Damage    Failure   Level
a - Beastly Appendage     Tmut           28%        N/A       3%          1
b - Wereblood             Tmut           14%        N/A       6%          2
c - Spider Form           Tmut/Pois      8%         N/A       26%         3
d - Ice Form              Ice/Tmut       8%         N/A       65%         4

Your spell library contained the following spells:

 Spells                   Type           Power      Damage    Failure   Level
 Dazzling Flash           Conj/Hex       4%         N/A       52%         3
 Agony                    Necr           2%         N/A       99%         5
 Silence                  Hex/Air        1%         N/A       99%         5


Dungeon Overview and Level Annotations

Branches:
Dungeon (4/15)
 Temple: D:4-7

Altars:
Makhleb

Shops:
D:1 =

Annotations:
D:4 2 runed translucent doors


Innate Abilities, Weirdness & Mutations

You are a tree.
Your roots penetrate the ground, keeping you stationary.
You cannot be teleported.
You are immune to unholy pain and torment.
Your maximum health is greatly increased.
Your equipment is partially melded.
((You are very nimble when in or above water. (Stealth+, EV+, Speed+++)))
((Your lower body shifts to a powerful aquatic tail in water.))


Message History

The ball python bites you but does no damage.
The ball python barely misses you.
You hit the ball python.
The ball python is severely wounded.
The ball python bites you but does no damage.
The ball python grabs you. The ball python constricts you.
You hit the ball python but do no damage.
The ball python is severely wounded.
The ball python barely misses you. The ball python constricts you.
You punch the ball python!
You kill the ball python!
You grow a pair of large bovine horns.
The iguana bites you!
You barely miss the iguana.
You headbutt the iguana, but do no damage.
You punch the iguana.
The iguana is lightly wounded.
The iguana bites you but does no damage.
You punch the iguana!
The iguana is severely wounded.
The iguana bites you!
You closely miss the iguana.
You headbutt the iguana, but do no damage.
The iguana is severely wounded.
The iguana closely misses you.
You closely miss the iguana.
The iguana is severely wounded.
The iguana bites you!
You hit the iguana but do no damage.
You headbutt the iguana, but do no damage.
The iguana is severely wounded.
The iguana bites you!
* * * LOW HITPOINT WARNING * * *
Unknown command.
Really quaff the potion of lignification?
Your horns disappear.
You turn into a tree.
Your +0 cloak melds into your body.
Your +0 robe melds into your body.
Your roots penetrate the ground.
The iguana bites you!
You die...

#.##.# #.##.# #.#
#.##.####### #.# .
#...#......# #.####
.##..#.#####.# #..... .
#†#..#.#####.###..# #.#
##............$...##...#
#.####.##..............#
.#####..........♣l####
†......##.......†.#
######...............
###.......######
#..>....# #########


You could see an iguana.

Vanquished Creatures
  A sky beast (D:3)
  A necrophage (D:4)
  A hound (D:4)
  A gnoll bouda (D:4)
  2 iguanas (D:4)
  8 gnolls
  2 adders (D:2)
  An ufetubus (D:4)
  2 worms (D:2)
  A dart slug (D:2)
  An orc (D:3)
  6 bats
  4 endoplasms
  7 goblins
  3 hobgoblins
  16 jackals
  8 kobolds
  A quokka (D:3)
  7 ball pythons
  3 frilled lizards (D:3)
  11 rats
87 creatures vanquished.

Notes
Turn   | Place    | Note
-------+----------+-------------------------------------------
     0 | D:1      | growler the Merfolk Transmuter began the quest for the Orb.
     0 | D:1      | Reached XP level 1. HP: 15/15 MP: 3/3
   341 | D:1      | Reached XP level 2. HP: 21/21 MP: 3/5
   840 | D:1      | Found a faded altar of an unknown god.
   858 | D:1      | Found Tuprus's Jewellery Boutique.
   914 | D:1      | Learned a level 2 spell: Wereblood
  1080 | D:1      | Reached XP level 3. HP: 26/26 MP: 6/6
  1084 | D:1      | Learned a level 3 spell: Spider Form
  2104 | D:2      | Reached skill level 4 in Unarmed Combat
  2450 | D:2      | Reached XP level 4. HP: 30/32 MP: 6/8
  3427 | D:3      | Found a burning altar of Makhleb.
  3899 | D:3      | Noticed a sky beast
  3930 | D:3      | Reached XP level 5. HP: 26/37 MP: 6/9
  3936 | D:3      | Reached skill level 5 in Unarmed Combat
  3947 | D:3      | Learned a level 4 spell: Ice Form
  4318 | D:3      | Killed a sky beast
  4319 | D:3      | Reached skill level 6 in Unarmed Combat
  4319 | D:3      | Reached XP level 6. HP: 31/43 MP: 7/10
  4712 | D:4      | Reached skill level 7 in Unarmed Combat
  4933 | D:4      | Found a runed translucent gate.
  4933 | D:4      | Found a runed translucent gate.
  4953 | D:4      | Reached XP level 7. HP: 43/48 MP: 8/11
  5000 | D:4      | Slain by an iguana

Illustrated notes

Levels and vault maps discovered:
D:1:      dpeg_arrival_rooms_with_view, layout_basic,
          ebering_ecumenical_altar_webs, serial_shops, shop
D:2:      layout_loops_cross, minmay_hexomino_p4
D:3:      layout_basic, lemuel_crystal_altar
D:4:      layout_loops_ring, zin_angel, minmay_temple_entry_slanted,
          gammafunk_ghost_cemetery, minivault_27

Skill      XL: |  1  2  3  4  5  6 |
---------------+-------------------+-----
Transmutations | 3 4 |  4.0
Unarmed Combat | 4 6 7 |  7.6
Spellcasting   | 3 |  3.0
Fighting       | |  1.1
Dodging        | |  2.6

Action                   |  1- 3 |  4- 6 |  7- 9 || total
-------------------------+-------+-------+-------++-------
Melee: Unarmed           |   103 |   165 |     8 ||   276
       Headbutt          |    14 |    13 |     3 ||    30
       Punch             |     2 |     7 |     1 ||    10
 Cast: Beastly Appendage |    15 |    18 |     1 ||    34
       Wereblood         |     1 |     3 |       ||     4
       Spider Form       |     1 |     3 |       ||     4
  Use: Scroll            |     3 |     3 |       ||     6
       Potion            |       |       |     1 ||     1
 Stab: Sleeping          |     1 |     2 |       ||     3
Armor: Robe              |    14 |    35 |     3 ||    52
       Skin              |       |     1 |       ||     1
Dodge: Dodged            |    56 |   112 |     3 ||   171
